 Dungeon Crawl Stone Soup version 0.22.1 (webtiles) character file.

107 whitewolfNL the Skirmisher (level 4, 0/50 HPs)
             Began as an Ogre Berserker on Sept 19, 2018.
             Was a Believer of Trog.
             Succumbed to an adder's poison
             ... on level 2 of the Dungeon.
             The game lasted 00:15:15 (2518 turns).

whitewolfNL the Skirmisher (Ogre Berserker)         Turns: 2518, Time: 00:15:16

Health: 0/50       AC:  3    Str: 21    XL:     4   Next: 85%
Magic:  4/4        EV: 11    Int:  8    God:    Trog [**....]
Gold:   90         SH:  0    Dex:  9    Spells: 3/3 levels left

rFire    . . .     SeeInvis .   a - +0 spear
rCold    . . .     Gourm    .   (no shield)
rNeg     . . .     Faith    .   b - +0 animal skin
rPois    .         Spirit   .   (helmet restricted)
rElec    .         Reflect  .   (no cloak)
rCorr    .         Harm     .   (gloves unavailable)
MR       .....                  (boots unavailable)
Stlth    +.........             j - amulet of regeneration
HPRegen  0.56/turn              (no ring)
MPRegen  0.09/turn              (no ring)

@: lethally poisoned (0 -> -1)
A: large, unfitting armour, tough skin 1
a: Berserk, Trog's Hand, Renounce Religion


You were on level 2 of the Dungeon.
You worshipped Trog.
Trog was pleased with you.
You were not hungry.

You visited 1 branch of the dungeon, and saw 2 of its levels.

You collected 90 gold pieces.

Inventory:

Hand Weapons
 a - a +0 spear (weapon)
 e - a +0 club
 k - a +0 mace
 p - a +0 club
Missiles
 f - 17 stones (quivered)
 o - 21 bolts
 r - 21 poisoned needles
 s - 25 sling bullets
Armour
 b - a +0 animal skin (worn)
 q - a +0 robe
Jewellery
 d - an uncursed amulet of the acrobat
 j - an amulet of regeneration (around neck)
Scrolls
 g - 2 scrolls of amnesia {unknown}
 i - a scroll of fear {unknown}
 m - 3 scrolls of immolation {unknown}
 n - a scroll of teleportation {unknown}
 u - 3 scrolls of identify {unknown}
 v - 2 scrolls of remove curse {unknown}
Potions
 h - 2 potions of curing {unknown}
 t - a potion of haste {unknown}
 w - a potion of degeneration {unknown}
Comestibles
 c - 3 rations
 l - 3 chunks of flesh


   Skills:
 * Level 5.1 Fighting
 + Level 3.9 Polearms
 + Level 3.5 Dodging
 + Level 0.4 Stealth


You had 3 spell levels left.
You didn't know any spells.
Your spell library was empty.

Dungeon Overview and Level Annotations

Branches:
Dungeon (2/15)

Altars:
Ru

Annotations:
D:2 Sigmund


Innate Abilities, Weirdness & Mutations

You are too large for most types of armour.
You have tough skin. (AC +1)


Message History

The adder is severely wounded.
The adder bites you.
You are more poisoned.
The adder poisons you! Sigmund gestures at you while chanting.
The puff of flame hits you!
* * * LOW HITPOINT WARNING * * *
You eat one of the 4 chunks of flesh.
This raw flesh tastes terrible.
You feel sick. The adder closely misses you.
Sigmund hits you from afar with a scythe!
* * * LOW HITPOINT WARNING * * *
You feel sick. The adder barely misses you.
You recover from your berserk rage.
You feel sick.
Sigmund screams, "Don't try to resist!"
You feel sick. The adder bites you.
* * * LOW HITPOINT WARNING * * *
You are more poisoned.
The adder poisons you!
You die...

#.#####...............#
#.# #........##.###.#
#.# #........##.....#
#.# #........###[####
#.# #....##### #.# #.#
###### #.# #.#####
#######.# ......#
#.....#.# ..###.#
+..S.@'.# ..# #.....###
..# #.##+###@....# .>#
#............# ###
#............#
#............#
#............#
#............#
#.(.....######


You could see Sigmund and an adder.

Vanquished Creatures
  A bullfrog skeleton (D:2)
  2 adders (D:2)
  An ooze (D:1)
  2 worms (D:2)
  A dart slug (D:1)
  A leopard gecko (D:1)
  7 giant cockroaches
  10 goblins
  4 hobgoblins
  A quokka (D:1)
  3 bats
  4 frilled lizards
  A kobold (D:1)
  12 rats
50 creatures vanquished.

Notes
Turn   | Place    | Note
-------+----------+-------------------------------------------
     0 | D:1      | whitewolfNL the Ogre Berserker began the quest for the Orb.
     0 | D:1      | Reached XP level 1. HP: 24/24 MP: 1/1
   137 | D:1      | Reached XP level 2. HP: 25/32 MP: 2/2
   720 | D:1      | Reached XP level 3. HP: 40/40 MP: 3/3
  1512 | D:1      | Reached ** piety under Trog
  1993 | D:2      | Reached XP level 4. HP: 17/49 MP: 4/4
  2176 | D:2      | Reached skill level 5 in Fighting
  2317 | D:2      | Found a sacrificial altar of Ru.
  2498 | D:2      | Noticed Sigmund
  2512 | D:2      | HP: 2/50 [Sigmund/scythe (10)]
  2517 | D:2      | HP: 2/50 [poisoned by an adder]
  2518 | D:2      | Succumbed to an adder's poison

Skill      XL: |  1  2  3  4 |
---------------+-------------+-----
Dodging        | 3 |  3.5
Fighting       | 5 |  5.1
Polearms       | |  3.9
Stealth        | |  0.4

Action                   |  1- 3 |  4- 6 || total
-------------------------+-------+-------++-------
Melee: Spear             |   134 |    35 ||   169
Invok: Berserk           |       |     2 ||     2
       Trog's Hand       |       |     1 ||     1
  Eat: Chunk             |     3 |     1 ||     4
       Ration            |       |     1 ||     1
Armor: Animal skin       |    49 |     5 ||    54
Dodge: Dodged            |    69 |    25 ||    94
